Map: [ESL] Moondance

Players

SKillous

  • Race: Protoss Protoss
  • League: Grandmaster
  • Spawn Location: 6:00

HeroMarine - Winner!

  • Race: Terran Terran
  • Spawn Location: 12:00

Event: TSL 9

VOD

Have the link to the VOD?

Description

Time

  • Played on: July 29, 2022, 10:13 a.m.
  • Length: 14:15

All games in this series

Show
View Real Time Build Order
Export as new Build Order

SKillous Protoss 

Build Orders: 1 Gate Expand, Phoenix Opening 

Get SALT Encoding   

  12  0:00  Probe  
  13  0:12  Probe  
  14  0:17  Pylon  
  14  0:24  Probe  
  15  0:35  Gateway  
  15  0:38  Probe (Chrono Boost)  
  16  0:44  Assimilator  
  16  0:47  Probe (Chrono Boost)  
  17  0:53  Probe  
  18  1:05  Probe  
  19  1:17  Probe  
  20  1:22  Cybernetics Core  
  20  1:34  Nexus  
  20  1:41  Pylon  
  20  1:44  Probe  
  21  1:49  Assimilator  
  21  1:56  Adept (Chrono Boost), Probe  
  24  2:08  Probe (Chrono Boost)  
  25  2:17  Stargate  
  25  2:20  Probe (Chrono Boost)  
  25  2:22  Adept  
  28  2:32  Warp Gate, Probe (Chrono Boost)  
  30  2:48  Probe x2 (Chrono Boost)  
  31  2:52  Adept  
  31  2:57  Probe (Chrono Boost)  
  35  2:59  Probe (Chrono Boost)  
  35  3:02  Phoenix (Chrono Boost), Probe (Chrono Boost)  
  38  3:08  Probe  
  38  3:10  Pylon  
  39  3:14  Probe  
  40  3:20  Probe  
  40  3:21  Phoenix (Chrono Boost)  
  40  3:26  Probe  
  44  3:32  Probe  
  45  3:38  Probe, Gateway  
  46  3:43  Phoenix  
  46  3:44  Probe  
  49  3:50  Gateway, Probe  
  50  4:03  Probe, Pylon  
  50  4:04  Shield Battery, Probe  
  50  4:08  Phoenix (Chrono Boost)  
  54  4:14  Pylon  
  54  4:21  Probe x2  
  54  4:22  Adept  
  58  4:25  Phoenix  
  60  4:33  Probe x2  
  58  4:43  Adept  
  58  4:44  Adept  
  56  4:56  Probe x2  
  56  4:58  Adept  
  56  5:04  Adept  
  58  5:08  Nexus, Probe  
  58  5:11  Probe  
  58  5:13  Phoenix, Pylon  
  60  5:22  Adept  
  60  5:28  Assimilator  
  62  5:29  Twilight Council  
  62  5:30  Assimilator  
  62  5:31  Probe x2, Stalker  
  62  5:35  Shield Battery  
  66  5:38  Pylon  
  66  5:43  Probe  
  66  5:44  Stalker  
  66  5:46  Probe  
  66  5:47  Pylon  
  70  5:56  Probe  
  71  5:58  Probe, Stalker x2  
  71  6:04  Charge (Chrono Boost)  
  74  6:08  Probe  
  74  6:10  Probe  
  76  6:12  Pylon  
  76  6:16  Pylon  
  76  6:17  Stalker  
  75  6:20  Probe  
  75  6:22  Probe, Stalker x2  
  79  6:27  Probe  
  79  6:32  Probe  
  77  6:34  Probe  
  77  6:38  Phoenix  
  77  6:39  Probe  
  78  6:53  Pylon  
  77  6:55  Forge  
  77  6:56  Gateway  
  77  6:57  Gateway  
  77  6:59  Gateway  
  77  7:00  Gateway  
  77  7:03  Probe, Gateway  
  77  7:07  Phoenix  
  80  7:13  Zealot, Sentry  
  84  7:19  Probe  
  84  7:21  Templar Archives, Assimilator  
  84  7:22  Nexus  
  85  7:25  Pylon  
  85  7:30  Pylon  
  85  7:31  Protoss Ground Weapons Level 1 (Chrono Boost), Probe  
  85  7:34  Blink (Chrono Boost)  
  86  7:37  Probe  
  86  7:38  Probe  
  86  7:41  Zealot x2  
  86  7:43  Probe  
  86  7:44  Zealot  
  95  7:53  Gateway  
  95  7:55  Gateway  
  95  7:58  Robotics Facility, Forge  
  95  8:00  Probe x2  
  95  8:02  Shield Battery  
  97  8:07  High Templar x2  
  97  8:12  Archon  
  101  8:14  Zealot x4  
  101  8:15  Probe  
  110  8:24  Probe  
  110  8:26  High Templar, Protoss Ground Armor Level 1 (Chrono Boost)  
  113  8:27  High Templar  
  113  8:28  Probe, Pylon  
  113  8:29  Pylon  
  113  8:31  Shield Battery  
  113  8:33  Archon  
  116  8:45  Zealot x4  
  116  8:46  Zealot x2  
  128  8:49  Probe  
  128  8:55  Observer  
  129  8:58  Zealot x2  
  129  8:59  Zealot  
  136  9:04  Robotics Bay  
  136  9:07  Pylon  
  136  9:09  Observer, Pylon  
  136  9:10  Robotics Facility  
  136  9:12  Pylon  
  136  9:14  Zealot x4  
  136  9:16  Zealot  
  145  9:21  Zealot x2  
  119  9:35  Zealot x7  
  109  9:43  Zealot x3  
  103  9:50  Disruptor  
  103  9:52  Disruptor  
  100  9:58  Stalker x7  
  112  10:08  Sentry x2  
  116  10:14  Protoss Ground Weapons Level 2 (Chrono Boost)  
  116  10:20  Nexus  
  116  10:22  Pylon  
  116  10:30  Protoss Ground Armor Level 2 (Chrono Boost)  
  116  10:32  Probe  
  116  10:34  Photon Cannon  
  117  10:36  Pylon  
  117  10:39  Stalker x3  
  117  10:40  Zealot x3  
  129  10:43  Pylon  
  129  10:48  Disruptor  
  132  10:53  Photon Cannon  
  123  11:02  Probe  
  123  11:03  Probe x2  
  125  11:04  Zealot x2  
  125  11:05  Zealot x2  
  125  11:09  Probe  
  134  11:11  Photon Cannon  
  134  11:15  Probe  
  134  11:16  Dark Shrine  
  134  11:17  Probe  
  136  11:20  Probe  
  136  11:23  Probe  
  138  11:27  Probe  
  138  11:29  Probe  
  146  11:34  Photon Cannon  
  146  11:36  Shield Battery  
  143  11:44  Zealot x4  
  143  11:45  Zealot x6  
  150  11:55  Pylon  
  140  12:10  Zealot x7  
  140  12:11  Zealot x3  
  152  12:17  Nexus  
  138  12:23  Cybernetics Core  
  138  12:27  Shadow Stride (Chrono Boost)  
  130  12:43  Zealot x5  
  130  12:44  Zealot x4  
  110  12:46  Pylon  
  104  13:07  Stalker x4  
  104  13:08  Stalker  
  113  13:13  Zealot x3  
  113  13:18  Stalker  
  113  13:24  Sentry  
  113  13:32  Robotics Facility  
  113  13:33  Robotics Facility, Dark Templar x3  
  119  13:37  Stalker  
  121  13:43  Stalker x2  
  121  13:52  Zealot x4  
Show
View Real Time Build Order
Export as new Build Order

HeroMarine Terran - Winner!

Build Orders:  

Get SALT Encoding   

  12  0:00  SCV  
  13  0:12  SCV  
  14  0:17  Supply Depot  
  14  0:24  SCV  
  15  0:39  SCV, Barracks  
  16  0:43  Refinery  
  16  0:51  SCV  
  16  0:52  Refinery  
  17  1:03  SCV  
  18  1:15  SCV  
  19  1:26  Reaper  
  19  1:27  Orbital Command  
  19  1:28  Supply Depot  
  20  1:43  Factory  
  20  1:52  SCV  
  21  1:58  Barracks Reactor  
  21  2:04  SCV  
  22  2:14  Command Center  
  22  2:16  SCV  
  23  2:28  Widow Mine  
  23  2:29  SCV  
  26  2:31  Supply Depot  
  26  2:41  SCV, Starport  
  26  2:42  Marine  
  28  2:45  Marine  
  28  2:49  Widow Mine  
  31  2:53  SCV  
  32  3:00  Marine  
  32  3:03  Marine  
  32  3:05  SCV  
  35  3:10  Factory Tech Lab  
  35  3:17  Viking, SCV  
  35  3:19  Marine  
  40  3:29  SCV  
  40  3:32  Cyclone  
  43  3:35  Marine  
  43  3:36  Marine  
  45  3:41  SCV  
  45  3:47  Medivac  
  45  3:48  Orbital Command  
  48  3:54  SCV  
  49  3:56  Supply Depot  
  49  4:00  Marine x2  
  50  4:05  Cyclone  
  50  4:07  SCV  
  54  4:18  Viking, SCV  
  54  4:20  Marine  
  54  4:21  Marine  
  59  4:27  Supply Depot  
  59  4:31  SCV x2  
  60  4:38  Marine x2  
  60  4:43  SCV x2  
  56  4:55  Cyclone, Viking, SCV x2  
  56  4:56  Marine x2  
  56  4:59  Supply Depot  
  63  5:07  SCV  
  63  5:08  SCV  
  65  5:14  Marine x2  
  65  5:16  Command Center  
  67  5:22  SCV x2  
  65  5:29  Barracks  
  65  5:30  Liberator  
  65  5:31  Barracks  
  65  5:32  Marine x2  
  65  5:34  SCV x2  
  72  5:39  Supply Depot  
  72  5:41  Siege Tank  
  75  5:46  SCV x2  
  75  5:49  Marine  
  77  5:50  Refinery  
  77  5:56  Marine  
  78  6:00  SCV  
  78  6:01  SCV  
  80  6:07  Marine  
  80  6:11  Engineering Bay, Refinery  
  81  6:13  SCV x2  
  81  6:14  Marine  
  81  6:15  Barracks x2, Starport Tech Lab  
  83  6:21  Supply Depot  
  83  6:25  SCV x2, Marine  
  80  6:29  Siege Tank  
  80  6:30  Barracks Tech Lab x2  
  80  6:32  Marine  
  80  6:37  SCV  
  75  6:43  Marine  
  72  6:47  SCV  
  72  6:48  Terran Infantry Weapons Level 1  
  72  6:49  SCV  
  72  6:50  Marine  
  72  6:52  Orbital Command  
  74  6:55  Stimpack  
  74  6:59  SCV  
  74  7:01  Siege Tank, Marine  
  75  7:02  SCV, Marine, Starport Reactor  
  75  7:03  Marine  
  75  7:07  Marine x2  
  75  7:08  Marine  
  82  7:11  SCV  
  82  7:14  SCV  
  84  7:15  Refinery  
  84  7:19  SCV, Marine  
  86  7:22  Barracks Reactor  
  86  7:23  SCV, Combat Shield  
  86  7:25  Marine x3  
  86  7:29  Supply Depot  
  90  7:30  Supply Depot  
  90  7:32  SCV x2  
  90  7:35  Concussive Shells, SCV  
  90  7:36  Marauder, Marine  
  96  7:40  Missile Turret  
  96  7:43  Marauder x2  
  96  7:44  Missile Turret  
  101  7:46  Factory Reactor, Marine  
  101  7:50  Medivac x2  
  104  7:52  Supply Depot x2, SCV  
  104  7:53  SCV  
  104  7:54  Supply Depot  
  104  7:58  Marauder  
  108  7:59  Marine x3  
  108  8:04  Marauder  
  113  8:07  Marauder  
  113  8:12  Marine  
  116  8:15  Command Center  
  116  8:18  Marine x3  
  116  8:19  Marauder  
  121  8:25  Armory  
  121  8:26  Engineering Bay, Marauder  
  72  8:27  Medivac x2  
  123  8:28  Widow Mine, Marine  
  123  8:32  Widow Mine  
  132  8:34  Marine  
  132  8:36  Marine  
  132  8:40  Marine x2  
  132  8:41  Marauder  
  138  8:42  Terran Infantry Armor Level 1  
  138  8:46  Marauder  
  138  8:47  Marine  
  140  8:49  Ghost Academy  
  140  8:52  Marine  
  140  8:53  Marine  
  133  8:58  Medivac, Marine x2  
  133  8:59  Widow Mine x2  
  133  9:01  Supply Depot  
  140  9:04  Supply Depot, Marine  
  140  9:06  Supply Depot  
  141  9:13  Terran Infantry Weapons Level 2  
  141  9:20  Medivac  
  141  9:21  Widow Mine x2, Marauder  
  141  9:23  Marauder  
  151  9:30  Marauder  
  151  9:31  Marine x2  
  133  9:32  Medivac  
  133  9:36  SCV x2  
  133  9:37  SCV  
  121  9:42  Widow Mine x2, Marauder  
  121  9:45  Marauder, Marine x2  
  126  9:51  Marauder  
  128  9:56  Marine  
  121  10:02  Enhanced Shockwaves  
  121  10:03  Widow Mine x2, Marauder  
  121  10:04  SCV x3  
  121  10:05  Barracks x2  
  121  10:06  Barracks  
  130  10:10  Marauder, Marine  
  130  10:13  Marauder  
  132  10:17  Medivac x2  
  132  10:20  Marine  
  137  10:21  Marine x2  
  137  10:25  Widow Mine, Marauder, Planetary Fortress  
  137  10:28  Marine  
  143  10:31  Marine  
  143  10:34  Refinery, Missile Turret  
  145  10:37  Refinery  
  145  10:38  Marauder  
  147  10:44  SCV x2  
  147  10:46  SCV, Marauder  
  147  10:48  Marine x2  
  147  10:49  Marauder  
  149  10:56  SCV x2  
  142  10:58  SCV  
  142  11:00  Barracks Reactor  
  142  11:01  Barracks Tech Lab  
  142  11:02  SCV, Starport  
  140  11:08  SCV  
  140  11:09  SCV  
  140  11:10  SCV  
  143  11:12  Marauder x2, Marine  
  143  11:13  Marine x2  
  143  11:14  SCV  
  143  11:17  Marauder  
  155  11:18  Marauder  
  155  11:20  Marauder  
  155  11:33  Marauder, Ghost  
  155  11:37  Ghost  
  155  11:39  Ghost  
  161  11:41  Ghost  
  162  11:51  Marine  
  162  11:52  Marine  
  162  11:53  Reaper x2, Medivac x2  
  166  11:55  Marauder  
  165  12:02  Marauder  
  165  12:07  Marauder  
  168  12:08  Marauder  
  168  12:09  Medivac  
  168  12:10  Medivac, Marauder  
  170  12:16  Marauder  
  170  12:20  Command Center  
  155  12:23  Medivac x2, Marauder, Marine x2  
  155  12:27  Marine x2  
  155  12:28  Marauder, Marine x2  
  162  12:30  Marauder  
  162  12:32  Marauder  
  162  12:37  Marauder  
  162  12:42  Marine x2  
  162  12:44  Medivac x2  
  156  12:45  Marauder  
  156  12:48  Sensor Tower  
  156  12:49  Missile Turret, Marauder  
  148  12:51  Command Center, Marauder  
  148  12:53  Marauder  
  148  12:54  Marine x2  
  148  12:56  Marine  
  148  12:59  Marauder  
  150  13:05  Ghost  
  150  13:06  Marine x3  
  150  13:10  Factory Reactor, Marine  
  150  13:12  Marine x3  
  159  13:14  Marine  
  159  13:19  Ghost  
  158  13:23  Marine  
  158  13:24  Marine  
  157  13:29  Marauder  
  157  13:30  Marauder  
  157  13:31  Ghost  
  157  13:34  Ghost  
  165  13:49  Marauder  
  165  13:50  Marauder  
Tags
 
Add a new tag
Caveats
  • Supply blocks, unpowered buildings, or Contaminate may cause inaccurate times.
  • Supply counts are checked every 10 seconds.